AoeStats
← Doak

Lombardia

509994960Analyzed
4v4 RM · 3d ago on Sep 29, 2026· 28m 24s· 8 players
Game mode
Random Map
Map size
Large (8 player)
Population
200
Speed
Normal
Resources
Standard
Victory
Conquest
Starting age
Dark Age
Ending age
Imperial Age
RankedLock teamsTeams togetherTeam positionsShared explorationLock speedFull tech treeHidden civsTurbo modeCheats
Victory
Defeat
🇧🇷 Cumans · Brazil
1510
+12
🇧🇷 Maya · Brazil
1483
+13
🇧🇷 Saxons · Brazil
1461
+14
🇧🇷 Hindustanis · Brazil
1363
+17
🇬🇧 Vietnamese · United Kingdom
1462
-16
🇨🇱 Sicilians · Chile
1443
-15
🇺🇸 Mongols · United States
1407
-14
🇺🇸 Magyars · United States
1335
-11
SecretAgent1942
9:42 Feudal Age
11:15 Double-Bit Axe
13:49 Castle Age
12:31 Loom
13:42 Horse Collar
15:41 Bow Saw
16:39 Scale Barding Armor
19:17 Bloodlines
20:21 Husbandry
22:45 Chain Barding Armor
27:06 Forging
Louisianamal
4:54 Loom
9:08 Feudal Age
9:58 Double-Bit Axe
9:59 Horse Collar
16:26 Scale Barding Armor
16:20 Gold Mining
17:08 Wheelbarrow
20:14 Castle Age
21:15 Bloodlines
21:06 Husbandry
21:28 Chain Barding Armor
22:35 Heavy Plow
22:48 Bow Saw
25:27 Hand Cart
Doak
9:06 Feudal Age
9:37 Double-Bit Axe
13:08 Wheelbarrow
12:44 Fletching
17:58 Horse Collar
24:04 Castle Age
23:09 Gold Mining
23:50 Stone Mining
24:08 Crossbowman
24:44 Bodkin Arrow
25:39 Hand Cart
26:02 Bow Saw
27:25 Thumb Ring
28:07 Ballistics
Doctor Simi
4:43 Loom
22:50 Feudal Age
24:04 Feudal Age
25:43 Feudal Age
26:14 Town Watch
26:35 Stone Mining
30:10 Castle Age
rick rush
9:41 Feudal Age
10:29 Double-Bit Axe
11:49 Fletching
15:53 Padded Archer Armor
15:41 Loom
20:12 Castle Age
20:19 Crossbowman
20:54 Bodkin Arrow
26:23 Ballistics
NJ
6:43 Loom
8:55 Feudal Age
12:56 Double-Bit Axe
13:30 Horse Collar
21:53 Castle Age
20:24 Bloodlines
20:20 Scale Barding Armor
22:59 Wheelbarrow
23:24 Chain Barding Armor
23:14 Forging
24:38 Hand Cart
24:23 Gold Mining
25:05 Bow Saw
24:58 Heavy Plow
26:25 Iron Casting
digitallimao
0:28 Loom
10:40 Feudal Age
12:17 Double-Bit Axe
12:13 Horse Collar
14:57 Wheelbarrow
22:20 Fletching
26:25 Stone Mining
29:04 Castle Age
26:50 Town Watch
28:17 Gold Mining
SS_Tiozão
11:01 Feudal Age
11:29 Loom
12:14 Double-Bit Axe
16:19 Castle Age
17:47 Wheelbarrow
23:10 Scale Barding Armor
24:35 Bow Saw
24:50 Horse Collar
27:24 Heavy Plow
27:16 Gold Mining
29:08 Hand Cart
Connection lost

Rejoining the realm…

Still unreachable

The connection could not be restored.

Session expired

The server has moved on; the page needs a fresh start.